 Dungeon Crawl Stone Soup version 0.27-a0-773-gaaee5cf45b (webtiles) character file.

Game seed: 11533019687235107769

4272 dolemite99 the Covert (level 10, -4/61 (63) HPs)
             Began as an Octopode Brigand on Mar 26, 2021.
             Was a Believer of Kikubaaqudgha.
             Slain by a yak (12 damage)
             ... on level 9 of the Dungeon.
             The game lasted 00:16:30 (15368 turns).

dolemite99 the Covert (Octopode Brigand)           Turns: 15368, Time: 00:16:31

HP:   -4/61 (63)    AC:  1    Str: 14    XL:     10   Next: 31%
MP:   19/19         EV: 14    Int: 14    God:    Kikubaaqudgha [**....]
Gold: 443           SH:  0    Dex: 19    Spells: 9/9 levels left

rFire    . . .     SeeInvis .   e - +3 dagger
rCold    . . .     Faith    .   (no shield)
rNeg     . . .     Spirit   .   (helmet restricted)
rPois    .         Reflect  .   (no amulet)
rElec    .         Harm     .   k - ring of willpower
rCorr    .         Rampage  .   y - ring of magical power
Will     +....                  H - +6 ring of dexterity
Stlth    ++++++....             (no ring)
HPRegen  0.20/turn              (no ring)
MPRegen  0.16/turn              (no ring)
                                (no ring)
                                (no ring)

@: about to teleport, lightly drained
A: almost no armour, amphibious, 8 rings, camouflage 1, gelatinous body 1,
nimble swimmer 1, tentacles
a: Renounce Religion, Receive Corpses


You were on level 9 of the Dungeon.
You worshipped Kikubaaqudgha.
Kikubaaqudgha was pleased with you.
You visited 1 branch of the dungeon, and saw 9 of its levels.

You collected 443 gold pieces.

Inventory:

Hand Weapons
 a - a +2 dagger
 e - a +3 dagger (weapon)
 o - a +1 spear of flaming
 q - a +0 hunting sling
 u - the +4 falchion of Action {flame, Will++ Int-3 Dex+5}
   (You found it on level 4 of the Dungeon)

   It has been specially enchanted to burn those struck by it, causing extra
   injury to most foes and up to half again as much damage against particularly
   susceptible opponents.
   Big, fiery blades are also staple armaments of hydra-hunters.
   It affects your intelligence (-3).
   It affects your dexterity (+5).
   It affects your willpower, your defense against some magical effects.
 C - a +0 shortbow
 G - a +1 trident of venom
Missiles
 b - 24 poisoned darts (quivered)
 c - a curare-tipped dart
 d - 234 stones
 m - 78 arrows
 w - 8 boomerangs
 D - 18 sling bullets
Magical Staves
 E - a staff of cold
Jewellery
 k - a ring of willpower (left tentacle)
 y - a ring of magical power (right tentacle)
 H - a +6 ring of dexterity (on tentacle)
Wands
 n - a wand of acid (3)
Scrolls
 g - 4 scrolls of enchant weapon {unknown}
 h - 3 scrolls of amnesia
 i - a scroll of enchant armour {unknown}
 l - 3 scrolls of magic mapping
 r - a scroll of noise {unknown}
 s - 2 scrolls of teleportation
 t - a scroll of fear {unknown}
 x - a scroll of holy word {unknown}
 z - 2 scrolls of brand weapon {unknown}
 F - 2 scrolls of identify {@r1}
Potions
 f - a potion of haste
 j - 2 potions of degeneration
 p - a potion of curing {unknown}
 v - a potion of lignification {unknown}
 A - a potion of flight
 B - 2 potions of attraction
 I - a potion of mutation {unknown}


   Skills:
 - Level 4.1 Fighting
 - Level 7.3 Short Blades
 - Level 2.0 Throwing
 + Level 3.2 Dodging
 - Level 12.0 Stealth
 - Level 9.8 Evocations


You had 9 spell levels left.
You didn't know any spells.
Your spell library contained the following spells:

 Spells                   Type           Power      Damage    Failure   Level
 Freeze                   Ice            0%         1d3       28%         1
 Pain                     Necr           0%         1d4       28%         1
 Corpse Rot               Necr/Air       N/A        N/A       41%         2
 Sublimation of Blood     Necr           0%         N/A       41%         2
 Frozen Ramparts          Ice            0%         1d2       65%         3
 Ozocubu's Armour         Ice            0%         N/A       65%         3
 Vampiric Draining        Necr           0%         2d6       65%         3
 Hailstorm                Conj/Ice       0%         3d3       96%         4
 Summon Ice Beast         Ice/Summ       0%         N/A       96%         4


Dungeon Overview and Level Annotations

Branches:
Dungeon (9/15)             Temple (0/1) D:5
   Lair: D:8-11         Orc: D:9-12

Altars:
Cheibriados
Dithmenos
Elyvilon
Kikubaaqudgha
Makhleb
Okawaru
Uskayaw
Vehumet

Annotations:
D:3 1 runed translucent door, snetch's ghost, amateur DjWz


Innate Abilities, Weirdness & Mutations

You cannot wear most types of armour.
You are amphibious.
You can wear up to eight rings at the same time.
Your skin changes colour to match your surroundings (Stealth+).
Your rubbery body absorbs attacks. (AC +1, EV +1)
You are stealthy while swimming. (Stealth+)
You have tentacles for arms and can constrict up to eight enemies at once.


Message History

As you read the scroll labelled MOLUPHOMPI, it crumbles to dust.
You feel strangely unstable.
It was a scroll of teleportation.
Your surroundings suddenly seem different.
A yak comes into view. x4
There are monsters nearby!
An orc and an orc wizard come into view. 2 orcs come into view.
A wight comes into view. It is wielding a +3 halberd.
A wight comes into view. It is wielding a +0 spear.
A wight comes into view. It is wielding a +5 flail.
Aiming: Corrosive Bolt
Press: ? - help, Shift-Dir - straight line, f - wight
Aim: a wight, wielding a +5 flail and wearing a +0 robe (26% to evade)
The bolt of acid hits the wight!!
The wight is splashed with acid.
The acid corrodes the wight!
You destroy the wight!
Kikubaaqudgha accepts your kill.
A wight comes into view. It is wielding a +0 dagger.
A wight comes into view. It is wielding a +2 long sword.
You open the door.
The wight hits you from afar with a +3 halberd.
You feel drained.
There is an open door here.
The wight hits you from afar with a +3 halberd!
As you open the door, it creaks loudly!
The yak bellows! x3
The wight hits you from afar with a +3 halberd! 2 wights come into view.
A wight comes into view.
It is wielding a +3 battleaxe of freezing.
There is an open door here.
As you read the scroll of teleportation, it crumbles to dust.
You feel strangely unstable. The wight misses you.
A wight comes into view. It is wielding a +0 spear.
The yak gores you!
* * * LOW HITPOINT WARNING * * *
The yak misses you.
You hit the yak.
The yak is lightly wounded.
The yak gores you!
You die...
Kikubaaqudgha rasps: "You have failed me!
Welcome... death!"

#..z.##+## .........
#........# .........
.zz.....# .........
z..)....#
#.....z.###########z...#
#.....z.#.........#z...#
#.....z.#.........#....#
#......z#.........#z...#
#......@#.z.......#....#
......YYYzz.......'..###
........###########..#
.......Y.............#
####.................###
#....................
#....................
+....................
+....................


You could see 4 yaks and 6 wights.

Vanquished Creatures
  2 hornets
  Sigmund (D:2)
  A wyvern (D:7)
  2 steam dragons
  8 water moccasins
  An acid dragon (D:8)
  2 sky beasts (D:6)
  A necrophage (D:6)
  2 ogres
  A centaur (D:6)
  A kobold brigand (D:7)
  5 bullfrogs
  2 gnoll sergeants
  2 wyvern skeletons
  A scorpion (D:5)
  2 water moccasin skeletons (D:5)
  6 wights
  A bullfrog zombie (D:5)
  2 orc priests
  A bullfrog skeleton (D:5)
  3 centaur skeletons
  2 gnoll shamans
  2 hounds
  A jelly (D:5)
  3 iguanas
  2 orc wizards (D:2)
  A hound zombie (D:5)
  2 hound skeletons
  A mummy (D:7)
  18 gnolls
  A howler monkey skeleton (D:7)
  4 adders
  A white imp (D:8)
  An ufetubus (D:6)
  A worm (D:4)
  4 dart slugs
  18 orcs
  8 bats
  5 endoplasms
  2 giant cockroaches
  10 goblins
  6 hobgoblins
  2 quokkas
  7 ball pythons
  4 frilled lizards
  12 kobolds
  4 orc zombies (D:7)
  3 rats
172 creatures vanquished.

Vanquished Creatures (others)
  A human (D:3)
  A plant (D:2)
2 creatures vanquished.

Grand Total: 174 creatures vanquished

Notes
Turn   | Place    | Note
-------+----------+-------------------------------------------
     0 | D:1      | dolemite99 the Octopode Brigand began the quest for the
                  | Orb.
     0 | D:1      | Reached XP level 1. HP: 14/14 MP: 1/1
   101 | D:1      | Reached XP level 2. HP: 17/19 MP: 2/2
   769 | D:1      | Reached XP level 3. HP: 24/24 MP: 3/3
  1077 | D:2      | Noticed Sigmund
  1094 | D:2      | Killed Sigmund
  1095 | D:2      | Reached skill level 5 in Short Blades
  1095 | D:2      | Reached XP level 4. HP: 23/29 MP: 4/4
  1095 | D:2      | Reached XP level 5. HP: 28/34 MP: 5/5
  1386 | D:2      | Reached XP level 6. HP: 29/39 MP: 6/6
  3254 | D:3      | Found a runed translucent door.
  3254 | D:3      | Noticed snetch's ghost (amateur DjWz)
  3424 | D:3      | Found an ancient bone altar of Kikubaaqudgha.
  3425 | D:3      | Noticed a human
  3427 | D:3      | Killed a human
  3433 | D:3      | Became a worshipper of Kikubaaqudgha
  4332 | D:4      | Found the +3 giant club "Skullcrusher" {speed, Str+7}
  4389 | D:4      | Identified the +4 falchion of Action {flame, Will++ Int-3
                  | Dex+5}
  4776 | D:4      | Found a burning altar of Makhleb.
  4791 | D:4      | Found a shadowy altar of Dithmenos.
  4792 | D:4      | Found a white marble altar of Elyvilon.
  4795 | D:4      | Found a snail-covered altar of Cheibriados.
  4850 | D:4      | Reached * piety under Kikubaaqudgha
  4850 | D:4      | Identified Kikubaaqudgha's Handbook of Evil Magic
                  | (Kikubaaqudgha gifted it to you on level 4 of the Dungeon)
  4850 | D:4      | Received a gift from Kikubaaqudgha
  5080 | D:5      | Entered Level 5 of the Dungeon
  5090 | D:5      | Reached XP level 7. HP: 44/46 MP: 7/7
  6013 | D:5      | Reached skill level 1 in Evocations
  6054 | D:5      | Found a radiant altar of Vehumet.
  6495 | D:5      | Reached XP level 8. HP: 24/54 MP: 8/8
  7158 | D:5      | Found a staircase to the Ecumenical Temple.
  7202 | D:5      | Reached skill level 5 in Evocations
  7530 | D:6      | Found a hide-covered altar of Uskayaw.
  8473 | D:6      | Found an iron altar of Okawaru.
  9394 | D:7      | Reached ** piety under Kikubaaqudgha
  9404 | D:7      | Reached XP level 9. HP: 51/58 MP: 9/9
 10898 | D:7      | Reached skill level 6 in Stealth
 11428 | D:7      | Reached skill level 7 in Stealth
 11657 | D:7      | Noticed a hornet
 11659 | D:7      | Killed a hornet
 11660 | D:7      | Reached skill level 8 in Stealth
 11931 | D:7      | Reached skill level 9 in Stealth
 12264 | D:8      | Noticed a hornet
 12268 | D:8      | Killed a hornet
 12269 | D:8      | Reached skill level 10 in Stealth
 12335 | D:8      | Reached XP level 10. HP: 63/63 MP: 10/10
 12353 | D:8      | Reached skill level 11 in Stealth
 13317 | D:8      | Reached skill level 12 in Stealth
 15368 | D:9      | Slain by a yak

Illustrated notes

Levels and vault maps discovered:
D:1:      dpeg_arrival_long_road, layout_loops_cross,
          minmay_misc_feat_secret_circle, minivault_4
D:2:      cheibrodos_old_hovel, layout_basic, uniq_sigmund
D:3:      layout_basic, hellmonk_ghost_happy_afterlife, tgw_kikubaaqudgha
D:4:      layout_loops_cross, lightli_temple_of_fire, minitemple
D:5:      layout_loops_corners, fiery_altar_vehumet,
          minmay_temple_entry_proselytizer
D:6:      layout_cave_pods, okawaru_metal_pillars_1_2,
          nicolae_uskayaw_murder_on_the_dancefloor, hangedman_decor_riveting
D:7:      layout_loops_ring, minmay_mini_ossuary
D:8:      layout_basic, enter_bailey_3
D:9:      layout_irregular_city, zin_academy, basic_altar, supply_closet_lemuel,
          the_bakery

Skill      XL: |  1  2  3  4  5  6  7  8  9 10 |
---------------+-------------------------------+-----
Short Blades   | 3 5 6 7 |  7.3
Fighting       | 3 4 |  4.1
Evocations     | 3 8 9 |  9.8
Stealth        | 10 12 | 12.0
Dodging        | 3 |  3.2
Throwing       | |  2.0

Action                   |  1- 3 |  4- 6 |  7- 9 | 10-12 || total
-------------------------+-------+-------+-------+-------++-------
Melee: Dagger            |    43 |   112 |   218 |    60 ||   433
       Constrict         |    12 |    25 |    40 |    14 ||    91
       Tentacles         |     5 |    22 |    48 |    24 ||    99
Throw: Dart              |    45 |    51 |    26 |    45 ||   167
       Stone             |       |     3 |    20 |       ||    23
Evoke: Wand              |       |       |    25 |     6 ||    31
  Use: Potion            |     1 |       |     5 |       ||     6
       Scroll            |       |     1 |     5 |     2 ||     8
 Stab: Sleeping          |     1 |     1 |     7 |     1 ||    10
       Distracted        |     1 |       |       |     1 ||     2
Armor: Skin              |     4 |     7 |     5 |     2 ||    18
Dodge: Dodged            |    24 |    45 |   114 |    30 ||   213

Table legend: (Time is in decaauts)
 A = Elapsed time spent in this place.
 B = Non-inter-level travel time spent in this place.
 C = Inter-level travel time spent in this place.
 D = Time resting spent in this place.
 E = Time spent auto-exploring this place.
 F = Levels seen in this place.
 G = Mean time per level.
                   A        B        C        D        E       F      G
               +--------+--------+--------+--------+--------+-----+--------+
         Total |  15218 |  15005 |    213 |   7966 |   5124 |   9 | 1690.9 |
       Dungeon |  15218 |  15005 |    213 |   7966 |   5124 |   9 | 1690.9 |
               +--------+--------+--------+--------+--------+-----+--------+

Top non-repeatable levels by time:
     D:8: 3046 daAuts
     D:6: 2597 daAuts
     D:5: 2363 daAuts
     D:2: 2214 daAuts
     D:7: 2028 daAuts
     D:4: 1069 daAuts
     D:3: 910 daAuts
     D:1: 888 daAuts
     D:9: 99 daAuts
